 Dungeon Sprint DCSS version 0.26-a0-651-gb41185065b (webtiles) character file.

Game seed: 10176114944052823015

56970 mhtbhm the Minotaur Blade (level 14, -22/158 HPs)
             Began as a Minotaur Fighter on Sept 29, 2020.
             Was the Champion of Trog.
             Annihilated by a vault warden
             ... wielding a +3 long sword of protection
              (46 damage)
             ... in the Dungeon (Sprint IX: "|||||||||||||||||||||||||||||").
             The game lasted 00:12:10 (6257 turns).

mhtbhm the Minotaur Blade (Minotaur Fighter)        Turns: 6257, Time: 00:12:10

Health: -22/158    AC: 17    Str: 26    XL:     14   Next: 44%
Magic:  4/4        EV: 14    Int:  5    God:    Trog [******]
Gold:   723        SH:  0    Dex: 10    Spells: 13/13 levels left

rFire    . . .     SeeInvis .   J - +4 great sword (antimagic)
rCold    . . .     Faith    .   (shield currently unavailable)
rNeg     . . .     Spirit   .   b - +3 chain mail
rPois    .         Reflect  .   (helmet restricted)
rElec    .         Harm     .   (no cloak)
rCorr    .         Rampage  .   w - +0 pair of gloves
MR       +....     NoTele   +   p - +0 pair of boots
Stlth    ..........             (no amulet)
HPRegen  0.36/turn              (no ring)
MPRegen  0.09/turn              (no ring)

@: berserk cooldown, slowed, very slow
A: retaliatory headbutt, horns 2, deformed body
a: Berserk, Trog's Hand, Brothers in Arms, Renounce Religion


You were in the Dungeon.
You worshipped Trog.
Trog was exalted by your worship.
You visited 1 branch You collected 1923 gold pieces.
You spent 1200 gold pieces at shops.

Inventory:

Hand Weapons
 x - a +1 antimagic demon blade
 J - a +4 antimagic great sword (weapon)
Missiles
 c - 8 curare-tipped darts
 D - 22 silver javelins (quivered)
 K - a throwing net
Armour
 b - a +3 chain mail (worn)
 p - a +0 pair of boots (worn)
 w - a +0 pair of gloves (worn)
 I - a +1 tower shield
Jewellery
 n - a +3 ring of strength
 o - a +3 ring of dexterity
 r - an uncursed amulet of magic regeneration
 z - an uncursed ring of poison resistance
 F - an uncursed ring of protection from magic
 G - an uncursed ring of see invisible
 H - an uncursed ring of protection from magic
Wands
 m - a wand of iceblast (1)
 v - a wand of random effects (20)
 C - a wand of acid (5)
 E - a wand of polymorph (7)
Scrolls
 j - 2 scrolls of blinking
 l - 3 scrolls of remove curse
 s - 3 scrolls of fear
 t - 2 scrolls of fog
 u - 6 scrolls of enchant armour
Potions
 d - 2 potions of might
 e - 3 potions of curing
 f - 3 potions of heal wounds
 g - a potion of haste
 h - 4 potions of magic
 i - a potion of berserk rage
 k - a potion of resistance
 q - a potion of stabbing
Miscellaneous
 A - a tin of tremorstones (3/3)
 B - a phantom mirror


   Skills:
 + Level 23.8 Fighting
 + Level 26.9 Long Blades
 + Level 4.5 Throwing
 + Level 19.1 Armour
 + Level 12.2 Dodging
 + Level 4.0 Stealth
 + Level 12.4 Shields
 + Level 5.1 Evocations


You had 13 spell levels left.
You didn't know any spells.
Your spell library was empty.

Dungeon Overview and Level Annotations

Branches:
Dungeon (1/1)

Altars:
Cheibriados
Dithmenos
Elyvilon
Fedhas
Gozag
Hepliaklqana
Kikubaaqudgha
Makhleb
Nemelex Xobeh
Okawaru
Qazlal
Ru
Sif Muna
Trog
Uskayaw
Vehumet
Wu Jian
Xom
Yredelemnul
Zin
The Shining One
Beogh
Jiyva
Lugonu

Shops:
D }[=(


Innate Abilities, Weirdness & Mutations

You reflexively headbutt those who attack you in melee.
You have a pair of horns on your head.
Armour fits poorly on your strangely shaped body.


Message History

Press: ? - help, Shift-Dir - straight line, f/p - great orb of eyes
Aim: a great orb of eyes (heavily wounded)
You throw a silver javelin.
The silver javelin pierces through the great orb of eyes!!
You kill the great orb of eyes!
Trog accepts your kill.
The silver javelin barely misses the vault warden.
The silver javelin closely misses the ironbrand convoker.
The silver javelin pierces through the green ugly thing!
The silver sears the green ugly thing!
The green ugly thing is heavily wounded.
The silver javelin pierces through the yaktaur captain!
The yaktaur captain is moderately wounded.
The ironbrand convoker gestures at the vault warden while chanting.
The vault warden seems to grow stronger.
Unknown command.
You feel much better.
The vault warden hits you but does no damage.
The vault warden hits you with a +3 long sword of protection!!!
You die...

........(.))'(....!....[.[[[[[[.)
▓▓▓▓▓▓▓▓▓▓▓▓▓▓▓▓▓▓▓▓▓▓▓▓▓▓▓▓▓▓▓▓▓
.................................
▓▓▓▓▓▓▓▓▓▓▓▓▓▓▓▓▓▓▓▓▓▓▓▓▓▓▓▓▓▓♣♣♣
...)))))))(........))..)).(.)(((.
▓▓▓▓▓▓▓▓▓▓▓▓▓▓▓▓▓▓▓▓▓▓▓▓▓▓▓▓▓▓♣♣♣
.....)................(...(.)....
▓▓▓▓▓▓▓▓▓▓▓▓▓▓▓▓▓▓▓▓▓▓▓▓▓▓▓▓▓▓▓▓▓
.(..cupp@[+(........).(()
▓▓▓▓▓▓▓▓▓▓▓▓▓▓▓▓▓▓▓▓▓▓▓▓▓


You could see a vault warden (strong), a yaktaur captain, a green ugly thing
(strong) and an ironbrand convoker.

Vanquished Creatures
  Agnes (D)
  A thorn hunter (D)
  A nagaraja (D)
  A ghost moth (D)
  An emperor scorpion (D)
  A frost giant (D)
  A vault warden (D)
  2 very ugly things (D)
  3 stone giants (D)
  A vampire knight (D)
  2 merfolk javelineers (D)
  2 ettins (D)
  2 fire dragons (D)
  2 yaktaur captains (D)
  A great orb of eyes (D)
  A rakshasa (D)
  An ice dragon (D)
  2 hydras (D)
  Harold (D)
  2 centaur warriors (D)
  A ghost crab (D)
  A spriggan air mage (D)
  A merfolk avatar (D)
  A catoblepas (D)
  5 two-headed ogres (D)
  3 ogre magi (D)
  A shambling mangrove (D)
  A deep troll shaman (D)
  A satyr (D)
  2 tengu warriors (D)
  A naga sharpshooter (D)
  A hell knight (D)
  Urug (D)
  Sonja (D)
  An unseen horror (D)
  A glowing orange brain (D)
  An ironbrand convoker (D)
  2 ugly things (D)
  An orb spider (shapeshifter) (D)
  An orc knight (D)
  A deep elf mage (D)
  An elephant (D)
  3 manticores (D)
  2 black mambas (D)
  A guardian serpent (shapeshifter) (D)
  A naga mage (D)
  2 cane toads (D)
  A yaktaur (D)
  A rime drake (D)
  3 komodo dragons (D)
  2 demonic crawlers (D)
  A merfolk (D)
  2 jumping spiders (D)
  A wind drake (D)
  A tengu conjurer (D)
  2 polar bears (D)
  3 hornets (D)
  2 blink frogs (D)
  A snapping turtle (D)
  A hippogriff (D)
  A slime creature (D)
  A redback (D)
  A wraith (D)
  A wyvern (D)
  A yak (D)
  A tarantella (D)
  A vampire mosquito (D)
  An acid dragon (D)
  4 nagas (D)
  2 water moccasins (D)
  2 porcupines (D)
  11 orc warriors (D)
  A sky beast (D)
  6 black bears (D)
  3 wolves (D)
  5 ogres (D)
  A centaur (D)
  4 crocodiles (D)
  A gnoll sergeant (D)
  A howler monkey (D)
  A hound (D)
  4 orc priests (D)
  An orc wizard (D)
  4 worker ants (D)
  A white imp (D)
  An adder skeleton (D)
  7 orcs (D)
  A bat (D)
  A bat zombie (D)
  2 goblins (D)
  A bat simulacrum (D)
  A frilled lizard (D)
  A giant cockroach zombie (D)
  2 kobolds (D)
166 creatures vanquished.

Vanquished Creatures (collateral kills)
  A fire giant (D)
  A stone giant (D)
2 creatures vanquished.

Vanquished Creatures (others)
  An orc wizard (D)
1 creature vanquished.

Grand Total: 169 creatures vanquished

Notes
Turn   | Place    | Note
-------+----------+-------------------------------------------
     0 | D        | mhtbhm the Minotaur Fighter began the quest for the Orb.
     0 | D        | Reached XP level 1. HP: 19/19 MP: 0/0
    20 | D        | Noticed a worker ant
    20 | D        | Noticed a centaur
    25 | D        | Killed a centaur
    25 | D        | Reached skill level 5 in Long Blades
    25 | D        | Reached XP level 2. HP: 27/31 MP: 1/1
    25 | D        | Reached XP level 3. HP: 34/38 MP: 2/2
    25 | D        | Reached XP level 4. HP: 40/45 MP: 3/3
    47 | D        | Found a roughly hewn altar of Beogh.
    47 | D        | Found a snail-covered altar of Cheibriados.
    47 | D        | Found a shadowy altar of Dithmenos.
    47 | D        | Found a white marble altar of Elyvilon.
    47 | D        | Found a blossoming altar of Fedhas.
    47 | D        | Found an opulent altar of Gozag.
    48 | D        | Found a hazy altar of Hepliaklqana.
    49 | D        | Found a viscous altar of Jiyva.
    50 | D        | Found an ancient bone altar of Kikubaaqudgha.
    51 | D        | Found a corrupted altar of Lugonu.
    52 | D        | Found a burning altar of Makhleb.
    53 | D        | Found a sparkling altar of Nemelex Xobeh.
    54 | D        | Found an iron altar of Okawaru.
    55 | D        | Found a stormy altar of Qazlal.
    56 | D        | Found a sacrificial altar of Ru.
    57 | D        | Found a shimmering blue altar of Sif Muna.
    58 | D        | Found a bloodstained altar of Trog.
    59 | D        | Found a hide-covered altar of Uskayaw.
    60 | D        | Found a radiant altar of Vehumet.
    61 | D        | Found an ornate altar of the Wu Jian Council.
    62 | D        | Found a shimmering altar of Xom.
    63 | D        | Found a basalt altar of Yredelemnul.
    64 | D        | Found a glowing silver altar of Zin.
    65 | D        | Found a glowing golden altar of the Shining One.
   126 | D        | Became a worshipper of Trog the Wrathful
   183 | D        | Noticed an ogre
   183 | D        | Noticed a gnoll sergeant
   190 | D        | Killed a gnoll sergeant
   190 | D        | Reached skill level 7 in Long Blades
   190 | D        | Reached skill level 1 in Dodging
   190 | D        | Reached XP level 5. HP: 44/53 MP: 4/4
   211 | D        | Killed an ogre
   211 | D        | Reached * piety under Trog
   211 | D        | Reached skill level 8 in Long Blades
   211 | D        | Reached XP level 6. HP: 35/62 MP: 5/5
   213 | D        | Reached skill level 9 in Long Blades
   217 | D        | Reached ** piety under Trog
   224 | D        | Noticed a wraith
   224 | D        | Noticed a manticore
   224 | D        | Noticed a slime creature
   224 | D        | Noticed a centaur warrior
   234 | D        | Killed a centaur warrior
   234 | D        | Reached skill level 10 in Fighting
   234 | D        | Reached skill level 12 in Long Blades
   234 | D        | Reached XP level 7. HP: 11/73 MP: 6/6
   234 | D        | Reached XP level 8. HP: 12/81 MP: 7/7
   277 | D        | Killed a slime creature
   277 | D        | Reached skill level 13 in Long Blades
   284 | D        | Killed a manticore
   284 | D        | Reached skill level 14 in Long Blades
   284 | D        | Reached skill level 10 in Shields
   285 | D        | Reached *** piety under Trog
   291 | D        | Reached skill level 10 in Armour
   291 | D        | Reached skill level 5 in Dodging
   682 | D        | Noticed a blink frog
   682 | D        | Noticed a cane toad
   687 | D        | Reached **** piety under Trog
   687 | D        | Noticed a rime drake
   692 | D        | Killed a cane toad
   692 | D        | Reached skill level 15 in Long Blades
   692 | D        | Reached XP level 9. HP: 90/90 MP: 8/8
   708 | D        | Killed a rime drake
   708 | D        | Reached ***** piety under Trog
   714 | D        | Reached skill level 16 in Long Blades
   714 | D        | Reached skill level 1 in Stealth
   893 | D        | Noticed a komodo dragon
   900 | D        | Received a gift from Trog
   902 | D        | Noticed a cane toad
   906 | D        | Noticed an elephant
   908 | D        | Killed a komodo dragon
   916 | D        | Killed a cane toad
   916 | D        | Reached skill level 17 in Long Blades
   916 | D        | Reached XP level 10. HP: 101/101 MP: 9/9
   919 | D        | Killed an elephant
   958 | D        | Received a gift from Trog
   987 | D        | Reached ****** piety under Trog
  1054 | D        | Noticed Sonja
  1057 | D        | Killed Sonja
  1057 | D        | Received a gift from Trog
  1057 | D        | Reached skill level 18 in Long Blades
  1058 | D        | Found the +11 plutonium sword {*Contam Stlth-}
  1260 | D        | Received a gift from Trog
  1433 | D        | Noticed an orc knight
  1451 | D        | Killed an orc knight
  1453 | D        | Received a gift from Trog
  1464 | D        | Reached skill level 15 in Fighting
  1464 | D        | Reached skill level 1 in Evocations
  1793 | D        | Found Tefat's Antique Weapon Boutique.
  1793 | D        | Noticed an ogre mage
  1793 | D        | Noticed a two-headed ogre
  1793 | D        | Noticed a two-headed ogre
  1798 | D        | Noticed an ogre mage
  1801 | D        | Killed a two-headed ogre
  1801 | D        | Reached skill level 19 in Long Blades
  1801 | D        | Reached XP level 11. HP: 92/112 MP: 3/10
  1803 | D        | Received a gift from Trog
  1806 | D        | Killed a two-headed ogre
  1807 | D        | Noticed an ogre mage
  1810 | D        | Killed an ogre mage
  1814 | D        | Killed an ogre mage
  1820 | D        | Killed an ogre mage
  1820 | D        | Reached skill level 20 in Long Blades
  1820 | D        | Reached skill level 10 in Dodging
  1828 | D        | Found Ympat's Jewellery Shop.
  1832 | D        | Found Hyff's Armour Boutique.
  1832 | D        | Noticed a two-headed ogre
  1834 | D        | Found Miufopp's Gadget Shop.
  1835 | D        | Noticed a two-headed ogre
  1840 | D        | Killed a two-headed ogre
  1840 | D        | Received a gift from Trog
  1843 | D        | Killed a two-headed ogre
  1843 | D        | Noticed a two-headed ogre
  1849 | D        | Killed a two-headed ogre
  1850 | D        | Reached skill level 21 in Long Blades
  2081 | D        | Bought an uncursed ring of poison resistance for 220 gold
                  | pieces
  2089 | D        | Bought a tin of tremorstones (3/3) for 560 gold pieces
  2089 | D        | Bought a phantom mirror for 420 gold pieces
  2185 | D        | Noticed Urug
  2197 | D        | Killed Urug
  2494 | D        | Noticed Harold
  2505 | D        | Killed Harold
  2515 | D        | Noticed Joseph
  2523 | D        | Noticed Joseph
  2523 | D        | Joseph changed into Joseph the sky beast
  2525 | D        | Killed Joseph the sky beast
  2657 | D        | Noticed a tengu warrior
  2657 | D        | Noticed a seven-headed hydra
  2657 | D        | Noticed a deep elf mage
  2661 | D        | Noticed a sun demon
  2664 | D        | Killed a deep elf mage
  2664 | D        | Received a gift from Trog
  2666 | D        | Killed a nine-headed hydra
  2666 | D        | Reached XP level 12. HP: 125/125 MP: 11/11
  2669 | D        | Noticed a stone giant
  2671 | D        | Reached skill level 22 in Long Blades
  2673 | D        | Killed a tengu warrior
  2674 | D        | Noticed a fire dragon
  2676 | D        | Noticed a rakshasa
  2681 | D        | Noticed an ettin
  2684 | D        | Noticed an ice dragon
  2794 | D        | Killed a stone giant
  2805 | D        | Killed a rakshasa
  2992 | D        | Killed a fire dragon
  2992 | D        | Reached skill level 23 in Long Blades
  3070 | D        | Killed an ettin
  3075 | D        | Killed an ice dragon
  3075 | D        | Received a gift from Trog
  3075 | D        | Reached skill level 1 in Throwing
  3276 | D        | Noticed a seven-headed hydra
  3276 | D        | Noticed a shambling mangrove
  3276 | D        | Noticed a thorn hunter
  3276 | D        | Noticed a ghost crab
  3278 | D        | Killed a ghost crab
  3279 | D        | Noticed a five-headed hydra
  3284 | D        | Killed a thorn hunter
  3284 | D        | Reached skill level 24 in Long Blades
  3287 | D        | Killed a shambling mangrove
  3289 | D        | Noticed a catoblepas
  3289 | D        | a nine-headed hydra changed into a catoblepas
  3290 | D        | HP: 5/192 [hornet (6)]
  3291 | D        | Killed a catoblepas
  3291 | D        | Received a gift from Trog
  3295 | D        | HP: 4/192 [poisoned by a hornet]
  3300 | D        | HP: 2/128 [poisoned by a hornet]
  3307 | D        | HP: 2/128 [poisoned by a hornet]
  3312 | D        | HP: 2/128 [poisoned by a hornet]
  3714 | D        | Killed an eight-headed hydra
  3717 | D        | Reached XP level 13. HP: 121/136 MP: 12/12
  3770 | D        | Noticed a merfolk javelineer
  3774 | D        | Killed a merfolk javelineer
  3774 | D        | Received a gift from Trog
  3774 | D        | Reached skill level 15 in Armour
  3783 | D        | Noticed a merfolk javelineer
  3794 | D        | Received a gift from Trog
  3802 | D        | HP: 1/138 [merfolk javelineer/javelin (16)]
  3805 | D        | Killed a merfolk javelineer
  3805 | D        | Reached skill level 25 in Long Blades
  4230 | D        | Gained mutation: Armour fits poorly on your strangely
                  | shaped body. [mutagenic glow]
  4392 | D        | Noticed an emperor scorpion
  4407 | D        | Killed an emperor scorpion
  4417 | D        | Received a gift from Trog
  4445 | D        | Killed a ghost moth
  4847 | D        | Noticed a nagaraja
  4854 | D        | Received a gift from Trog
  4865 | D        | Killed a nagaraja
  4872 | D        | Received a gift from Trog
  5226 | D        | Noticed Agnes
  5235 | D        | Killed Agnes
  5451 | D        | Noticed a stone giant
  5451 | D        | Noticed a fire dragon
  5451 | D        | Noticed an ettin
  5455 | D        | Killed an ettin
  5456 | D        | Noticed a vampire knight
  5463 | D        | Reached skill level 5 in Evocations
  5467 | D        | Killed a fire dragon
  5467 | D        | Received a gift from Trog
  5468 | D        | Noticed a frost giant
  5472 | D        | Noticed a stone giant
  5474 | D        | Killed a vampire knight
  5474 | D        | Reached skill level 26 in Long Blades
  5480 | D        | Killed a stone giant
  5484 | D        | Reached XP level 14. HP: 144/154 MP: 4/13
  5489 | D        | Received a gift from Trog
  5493 | D        | Killed a frost giant
  5499 | D        | Killed a stone giant
  5500 | D        | Noticed a stone giant
  5503 | D        | Noticed a fire giant
  5504 | D        | Noticed a red very ugly thing
  5506 | D        | Noticed a white very ugly thing
  5510 | D        | Killed a stone giant
  5512 | D        | Killed a fire giant
  5512 | D        | Received a gift from Trog
  5600 | D        | HP: 2/155 [purple very ugly thing (7)]
  5603 | D        | Killed a purple very ugly thing
  6140 | D        | Killed a purple very ugly thing
  6208 | D        | Noticed a vault warden
  6221 | D        | Killed a vault warden
  6221 | D        | Received a gift from Trog
  6229 | D        | Noticed a vault warden
  6246 | D        | Received a gift from Trog
  6255 | D        | HP: 7/158 [great orb of eyes (12)]
  6257 | D        | Annihilated by a vault warden

Illustrated notes

Levels and vault maps discovered:
D:        linesprint [early_d, line_temple, items_1, d_10, items_2, lair_1,
          lair_end, items_3, orc_1, orc_end, items_4, d_15, swamp_1, shoals_1,
          snake_1, spider_1, d_20, vaults_1, items_5, swamp_end, shoals_end,
          snake_end, spider_end, vaults_end, d_27, items_6, zot_1, zot_end,
          crypt_end, forest_end, elf_end, slime_end, tomb_end, abyss_end,
          pan_hell_end]

Skill      XL: |  1  2  3  4  5  6  7  8  9 10 11 12 13 14 |
---------------+-------------------------------------------+-----
Fighting       | 6 7 8 10 12 13 15 17 18 22 23 | 23.8
Armour         | 6 7 9 10 11 13 14 17 19 | 19.1
Shields        | 6 7 9 10 11 12 | 12.4
Long Blades    | 5 7 8 12 15 17 19 21 24 26 | 26.9
Dodging        | 1 4 5 6 9 10 11 12 | 12.2
Stealth        | 1 2 3 4 |  4.0
Evocations     | 1 2 3 5 |  5.1
Throwing       | 1 4 |  4.5

Action                   |  1- 3 |  4- 6 |  7- 9 | 10-12 | 13-15 || total
-------------------------+-------+-------+-------+-------+-------++-------
Melee: Long sword        |    14 |    16 |       |       |       ||    30
       Headbutt          |     4 |     9 |    13 |    47 |    46 ||   119
       Scimitar          |       |    40 |    68 |     3 |       ||   111
       Demon blade       |       |       |       |    48 |       ||    48
       Falchion          |       |       |       |    32 |       ||    32
       Triple sword      |       |       |       |   134 |    22 ||   156
       Great sword       |       |       |       |       |   175 ||   175
Throw: Dart              |       |       |       |     2 |     2 ||     4
       Javelin           |       |       |       |       |     7 ||     7
Invok: Berserk           |       |       |     3 |     4 |     4 ||    11
       Brothers in Arms  |       |       |       |       |     1 ||     1
Evoke: Wand              |       |       |       |     3 |     6 ||     9
       Tin of tremorston |       |       |       |     3 |       ||     3
  Use: Potion            |       |     3 |       |     1 |     6 ||    10
       Scroll            |       |       |       |     2 |       ||     2
Armor: Scale mail        |     4 |    10 |       |       |       ||    14
       Ring mail         |       |    11 |     9 |    22 |       ||    42
       Chain mail        |       |       |       |    34 |    86 ||   120
Dodge: Dodged            |     3 |    12 |     8 |   106 |    85 ||   214
Block: Kite shield       |     4 |    26 |    26 |    23 |       ||    79
       Rpst.: Long sword |       |     4 |       |       |       ||     4
       Scimitar          |       |     3 |     5 |       |       ||     8
       Triple sword      |       |       |       |    11 |     3 ||    14
       Falchion          |       |       |       |     2 |       ||     2
       Demon blade       |       |       |       |     2 |       ||     2
       Great sword       |       |       |       |       |    15 ||    15

Table legend: (Time is in decaauts)
 A = Elapsed time spent in this place.
 B = Non-inter-level travel time spent in this place.
 C = Inter-level travel time spent in this place.
 D = Time resting spent in this place.
 E = Time spent auto-exploring this place.
 F = Levels seen in this place.
 G = Mean time per level.
                   A        B        C        D        E       F      G
               +--------+--------+--------+--------+--------+-----+--------+
         Total |   6208 |   6208 |      0 |   3799 |    418 |   1 | 6208.0 |
       Dungeon |   6208 |   6208 |      0 |   3799 |    418 |   1 | 6208.0 |
               +--------+--------+--------+--------+--------+-----+--------+

Top non-repeatable levels by time:
       D: 6208 daAuts
